 Dungeon Crawl Stone Soup version 0.31-a0-1363-g282adc679d (webtiles) character file.

Game seed: 3568408431157963479

58 James the Chopper (level 4, -3/32 HPs)
             Began as a Gnoll Wanderer on Dec 23, 2023.
             Incinerated by a bombardier beetle (5 damage)
             ... with a burning spray
             ... on level 3 of the Dungeon.
             The game lasted 00:06:45 (1473 turns).

James the Chopper (Gnoll Wanderer)                  Turns: 1473, Time: 00:06:45

Health: -3/32      AC:  7    Str: 15    XL:     4   Next: 1%
Magic:  8/8        EV: 12    Int: 12    God:
Gold:   105        SH:  5    Dex:  9    Spells: 4/8 levels left

rFire   . . .        a - +0 war axe
rCold   . . .        (no shield)
rNeg    . . .        k - +0 acid dragon scales
rPois   .            b - +0 helmet
rElec   .            (no cloak)
rCorr   +            (no gloves)
SInv    .            (no boots)
Will    .....        j - amulet of reflection
Stlth   +            (no ring)
HPRegen 0.25/turn    (no ring)
MPRegen 0.11/turn

%: reflection, clarity
@: on fire, glowing
A: fangs 1, strong nose, distributed training, clarity, no potion heal 1,
inability to read after injury 1
a: no special abilities


You were on level 3 of the Dungeon.
You visited 1 branch of the dungeon, and saw 3 of its levels.

You collected 105 gold pieces.

Inventory:

Hand Weapons
 a - a +0 war axe (weapon)
 g - a +0 short sword
   (You took it off a kobold on level 1 of the Dungeon)
 u - a +0 shortbow
   (You found it on level 2 of the Dungeon)
 v - a +0 spear
   (You found it on level 3 of the Dungeon)
 w - a +0 sling
   (You took it off a goblin on level 3 of the Dungeon)
Missiles
 h - 13 stones
Armour
 b - a +0 helmet (worn)
 d - a +0 leather armour
 k - +0 acid dragon scales (worn)
   (You found it on level 1 of the Dungeon)
 p - a +0 robe
   (You found it on level 1 of the Dungeon)
 q - a +0 robe
   (You found it on level 1 of the Dungeon)
 r - a +0 ring mail
   (You took it off a goblin on level 2 of the Dungeon)
Jewellery
 j - an amulet of reflection (around neck)
   (You found it on level 1 of the Dungeon)
Wands
 t - a wand of flame (3)
   (You found it on level 3 of the Dungeon)
Scrolls
 e - a scroll of blinking {unknown}
 f - 2 scrolls of teleportation {unknown}
 n - a scroll of identify {unknown}
 s - a scroll of revelation {unknown}
Potions
 c - a potion of might
 i - 2 potions of lignification {unknown}
 l - a potion of attraction {unknown}
 m - a potion of curing {unknown}
 o - 2 potions of mutation {!q}


   Skills:
 + Level 1.0 Fighting
 + Level 1.0 Short Blades
 + Level 1.0 Long Blades
 + Level 6.6 Axes
 + Level 1.0 Maces & Flails
 + Level 1.0 Polearms
 + Level 1.0 Staves
 + Level 1.0 Ranged Weapons
 + Level 1.0 Throwing
 + Level 1.0 Armour
 + Level 4.6 Dodging
 + Level 4.2 Stealth
 + Level 1.0 Shields
 + Level 1.0 Unarmed Combat
 + Level 2.9 Spellcasting
 + Level 0.8 Conjurations
 + Level 0.8 Hexes
 + Level 0.8 Summonings
 + Level 3.8 Necromancy
 + Level 0.8 Translocations
 + Level 0.8 Fire Magic
 + Level 0.8 Ice Magic
 + Level 0.8 Air Magic
 + Level 0.8 Earth Magic
 + Level 0.8 Alchemy
 + Level 1.1 Invocations
 + Level 1.0 Evocations
 + Level 1.0 Shapeshifting


You had 4 spell levels left.
You knew the following spells:

 Your Spells              Type           Power      Damage    Failure   Level
a - Kiss of Death         Conj/Necr      28%        2d7       14%         1
q - Vampiric Draining     Necr           10%        2d6       22%         3

Your spell library contained the following spells:

 Spells                   Type           Power      Damage    Failure   Level


Dungeon Overview and Level Annotations

Branches:
Dungeon (3/15)

Altars:
Hepliaklqana

Shops:
D:1 ?([


Innate Abilities, Weirdness & Mutations

You have very sharp teeth.
Your uncanny sense of smell can sniff out nearby items.
Your experience applies equally to all skills.
You possess an exceptional clarity of mind.
Potions are less effective at restoring your health.
You occasionally lose the ability to read scrolls when taking damage.


Message History

The goblin unwields a +0 sling.
The goblin wields a +0 dagger.
The goblin hits you but does no damage.
You closely miss the goblin. The goblin barely misses you.
You slash the goblin!
You kill the goblin!
Your Shapeshifting skill increases to level 1!
You have reached level 4!
You feel clever.
There are no items here.
Things that are here:
a +0 dagger; a +0 sling; a goblin corpse
w - a +0 sling
Found 12 gold pieces.
Found a stone staircase leading down.
There is a stone staircase leading down here.
You now have enough gold to buy a trident on D:1.
You now have 105 gold pieces (gained 12).
Search for what [Enter for "."]? pole Unknown command.
Search for what [Enter for "pole", or ? for help]?
A bombardier beetle comes into view.
The bombardier beetle sprays incendiary fluid at you.
The burning spray hits you.
You are covered in liquid fire!
You hit the bombardier beetle. Your bite misses the bombardier beetle.
The liquid fire burns you!
You barely miss the bombardier beetle. The liquid fire burns you!
The bombardier beetle closely misses you.
You hit the bombardier beetle. The liquid fire burns you!
The bombardier beetle barely misses you.
You hit the bombardier beetle but do no damage.
You bite the bombardier beetle, but do no damage.
The liquid fire burns you!
* * * LOW HITPOINT WARNING * * *
You barely miss the bombardier beetle. The liquid fire burns you!
* * * LOW HITPOINT WARNING * * *
The bombardier beetle sprays incendiary fluid at you.
The burning spray hits you.
You are even more covered in liquid fire!
You shake off some of the fire as you move.
The liquid fire burns you!
* * * LOW HITPOINT WARNING * * *
It was a potion of mutation.
You feel extremely strange.
You occasionally lose the ability to read scrolls when taking damage.
Your system partially rejects the healing effects of potions.
Your thoughts seem clearer.
The liquid fire burns you!
You die...

### #.. #.# #.# #.#
#.##### #B@...#
.......####.#
######.####.######## .#
#.............. #.#
########.######## #.#
#.....##.#
###.####.###..#.######
##........# #..........#
##....####.###..#######.#


You could see a bombardier beetle.

Vanquished Creatures
  A worm (D:3)
  5 ball pythons
  2 bats
  3 endoplasms
  2 giant cockroaches (D:2)
  4 goblins
  7 hobgoblins
  7 jackals
  2 kobolds (D:1)
  3 quokkas (D:2)
  3 frilled lizards
  6 rats
45 creatures vanquished.

Notes
Turn   | Place    | Note
-------+----------+-------------------------------------------
     0 | D:1      | James the Gnoll Wanderer began the quest for the Orb.
     0 | D:1      | James set off with the following items: a +0 war axe, a +0
                  | helmet, a potion of might, a +0 leather armour; and the
                  | following spell memorised: Kiss of Death; and the following
                  | spells available to memorise: Vampiric Draining.
     0 | D:1      | Reached XP level 1. HP: 13/13 MP: 4/4
   121 | D:1      | Reached XP level 2. HP: 11/20 MP: 5/5
   208 | D:1      | Found Wiydemofeu's Antique Weapon Emporium.
   304 | D:1      | Found Ongayr's Magic Scroll Boutique.
   377 | D:1      | Found Rofedeh's Antique Armour Emporium.
   401 | D:1      | Reached XP level 3. HP: 22/25 MP: 7/7
   609 | D:1      | Learned a level 3 spell: Vampiric Draining
   677 | D:2      | Reached skill level 1 in Invocations
   928 | D:2      | Reached skill level 1 in Fighting
   928 | D:2      | Reached skill level 1 in Short Blades
   928 | D:2      | Reached skill level 1 in Long Blades
   928 | D:2      | Reached skill level 1 in Maces & Flails
   928 | D:2      | Reached skill level 1 in Polearms
   928 | D:2      | Reached skill level 1 in Staves
   928 | D:2      | Reached skill level 1 in Ranged Weapons
   928 | D:2      | Reached skill level 1 in Throwing
   928 | D:2      | Reached skill level 1 in Armour
   928 | D:2      | Reached skill level 1 in Shields
   928 | D:2      | Reached skill level 1 in Unarmed Combat
   928 | D:2      | Reached skill level 1 in Evocations
  1079 | D:2      | Found a hazy altar of Hepliaklqana.
  1416 | D:3      | Reached skill level 1 in Shapeshifting
  1416 | D:3      | Reached XP level 4. HP: 32/32 MP: 8/8
  1473 | D:3      | Gained mutation: You occasionally lose the ability to read
                  | scrolls when taking damage. [potion of mutation]
  1473 | D:3      | Gained mutation: Potions are less effective at restoring
                  | your health. [potion of mutation]
  1473 | D:3      | Gained mutation: You possess an exceptional clarity of
                  | mind. [potion of mutation]
  1473 | D:3      | Incinerated by a bombardier beetle

Illustrated notes

Levels and vault maps discovered:
D:1:      lightli_arrival_flooded_house, layout_rooms, serial_shops,
          nicolae_shop_advertising_works [nicolae_subvault_shop_adworks],
          nicolae_shop_tiny_waterfront, nicolae_shop_overgrown_old_shop,
          eino_curves_03, nicolae_figureground_sparkle
D:2:      layout_basic, basic_altar
D:3:      layout_loops_ring, gammafunk_ghost_cemetery,
          nicolae_ecumenical_snake_handling

Skill      XL: |  1  2  3 |
---------------+----------+-----
Invocations    | 1 |  1.1
Fighting       | 1 |  1.0
Short Blades   | 1 |  1.0
Long Blades    | 1 |  1.0
Maces & Flails | 1 |  1.0
Polearms       | 1 |  1.0
Staves         | 1 |  1.0
Ranged Weapons | 1 |  1.0
Throwing       | 1 |  1.0
Armour         | 1 |  1.0
Shields        | 1 |  1.0
Unarmed Combat | 1 |  1.0
Evocations     | 1 |  1.0
Shapeshifting  | 1 |  1.0
Axes           | |  6.6
Dodging        | |  4.6
Stealth        | |  4.2
Spellcasting   | |  2.9
Conjurations   | |  0.8
Hexes          | |  0.8
Summonings     | |  0.8
Necromancy     | |  3.8
Translocations | |  0.8
Fire Magic     | |  0.8
Ice Magic      | |  0.8
Air Magic      | |  0.8
Earth Magic    | |  0.8
Alchemy        | |  0.8

Action                     |  1- 3 |  4- 6 || total
---------------------------+-------+-------++-------
  Melee: War axe           |   107 |     5 ||   112
         Bite              |    10 |     1 ||    11
    Use: Potion            |       |     1 ||     1
   Stab: Sleeping          |     3 |       ||     3
 Armour: Leather armour    |    28 |       ||    28
         Acid dragon scale |    22 |       ||    22
  Dodge: Dodged            |    79 |     2 ||    81
  Block: Other             |    12 |       ||    12
         Reflection        |     1 |       ||     1

Table legend: (Time is in decaauts)
 A = Elapsed time spent in this place.
 B = Non-inter-level travel time spent in this place.
 C = Inter-level travel time spent in this place.
 D = Time resting spent in this place.
 E = Time spent auto-exploring this place.
 F = Levels seen in this place.
 G = Mean time per level.
                   A        B        C        D        E       F      G
               +--------+--------+--------+--------+--------+-----+--------+
         Total |   1492 |   1417 |     75 |     43 |    774 |   3 |  497.3 |
       Dungeon |   1492 |   1417 |     75 |     43 |    774 |   3 |  497.3 |
               +--------+--------+--------+--------+--------+-----+--------+

Top non-repeatable levels by time:
     D:2: 738 daAuts
     D:1: 644 daAuts
     D:3: 109 daAuts
